 Dungeon Crawl Stone Soup version 0.31.0-12-g77e489cdc1 (webtiles) character file.

Game seed: 12666393755948167002

35429 monsoonserge the Spry (level 13, -4/72 HPs)
             Began as a Spriggan Delver on Feb 21, 2024.
             Was the Champion of Nemelex Xobeh.
             Hit by a javelin thrown by a minotaur (29 damage)
             ... in a Gauntlet.
             The game lasted 01:20:35 (20776 turns).

monsoonserge the Spry (Spriggan Delver)            Turns: 20776, Time: 01:20:37

Health: -4/72      AC:  5    Str:  8    XL:     13   Next: 47%
Magic:  0/30       EV: 33    Int: 14    God:    Nemelex Xobeh [******]
Gold:   1436       SH:  0    Dex: 25    Spells: 14/16 levels left

rFire   . . .        y - +7 staff of the Meek {protect, meekguard}
rCold   x . .        (shield currently unavailable)
rNeg    + . .        x - +1 troll leather armour {Snorg}
rPois   +            m - +1 hat "Laorchiu" {Fly rC- rN+ Dex+6}
rElec   .            (no cloak)
rCorr   .            (gloves unavailable)
SInv    +            (boots unavailable)
Will    ++...        b - amulet of guardian spirit
Stlth   +++++        j - ring of magical power
HPRegen 1.12/turn    k - ring of poison resistance
MPRegen 0.22/turn

%: no teleportation, guardian spirit
@: flying, very quick
A: very small, no large weapons, unfitting armour, see invisible, speed 3
a: Renounce Religion, Draw Escape, Draw Destruction, Draw Summoning, Triple
Draw, Deal Four, Stack Five


You were in a Gauntlet.
You worshipped Nemelex Xobeh.
Nemelex Xobeh was exalted by your worship.
You visited 4 branches of the dungeon, and saw 17 of its levels.
You also visited: Bailey and Gauntlet.

You collected 1571 gold pieces.
You spent 135 gold pieces at shops.

Inventory:

Hand Weapons
 y - the +7 staff of the Meek (weapon) {protect, meekguard}
   (You found it on level 2 of the Dungeon)
 K - a +2 short sword of flaming
 V - a +1 arbalest of freezing
Missiles
 G - 17 boomerangs (quivered)
 L - a curare-tipped dart
 O - 5 throwing nets
Armour
 m - the +1 hat "Laorchiu" (worn) {Fly rC- rN+ Dex+6}
   (You found it in a Gauntlet)

   Dex+6:     It affects your dexterity (+6).
   rC-:       It makes you vulnerable to cold.
   rN+:       It protects you from negative energy.
   Fly:       It grants you flight.
 x - a +1 troll leather armour (worn) {Snorg}
 D - a +1 robe of fire resistance
 N - a +0 buckler
Jewellery
 b - an amulet of guardian spirit (around neck)
 j - a ring of magical power (left hand)
 k - a ring of poison resistance (right hand)
 B - an amulet of reflection
 E - a ring of magical power
Talismans
 w - a talisman of death
Wands
 i - a wand of flame (20)
 H - a wand of quicksilver (10)
 I - a wand of polymorph (8)
 M - a wand of paralysis (6)
 W - a wand of iceblast (7)
Scrolls
 c - 4 scrolls of fog
 d - 3 scrolls of revelation
 e - 5 scrolls of fear
 n - 4 scrolls of enchant weapon {unknown}
 p - 2 scrolls of vulnerability {unknown}
 s - 5 scrolls of immolation
 t - 6 scrolls of blinking {unknown}
 v - 4 scrolls of silence {unknown}
 P - a scroll of amnesia {unknown}
Potions
 a - 4 potions of berserk rage
 f - 2 potions of haste
 h - 2 potions of ambrosia {unknown}
 l - 3 potions of attraction
 o - 6 potions of lignification
 r - 2 potions of cancellation {unknown}
 u - a potion of mutation {unknown}
 z - 4 potions of curing
 F - a potion of might {unknown}
 J - 2 potions of resistance {unknown}
 R - a potion of enlightenment {unknown}
 S - 2 potions of invisibility {unknown}
 T - a potion of heal wounds
Miscellaneous
 g - a phantom mirror
 Q - a sack of spiders
 U - a lightning rod (4/4)


   Skills:
 + Level 10.1 Fighting
 - Level 5.0 Short Blades
 + Level 6.3 Staves
 + Level 2.6 Throwing
 + Level 4.4 Armour
 + Level 15.7 Dodging
 - Level 10.0 Stealth
 - Level 2.0 Spellcasting
 - Level 5.0 Translocations
 + Level 9.4 Invocations
 - Level 6.0 Evocations


You had 14 spell levels left.
You knew the following spells:

 Your Spells              Type           Power      Damage    Failure   Level
a - Blink                 Tloc           30%        N/A       6%          2

Your spell library contained the following spells:

 Spells                   Type           Power      Damage    Failure   Level
 Magic Dart               Conj           4%         1d3       32%         1
 Sandblast                Erth           2%         2d4       32%         1
 Call Imp                 Summ           2%         N/A       43%         2
 Sublimation of Blood     Necr           1%         N/A       43%         2
 Passwall                 Erth           1%         N/A       67%         3
 Stone Arrow              Conj/Erth      2%         3d7       67%         3
 Animate Dead             Necr           1%         N/A       97%         4
 Brom's Barrelling Bould  Conj/Erth      1%         2d3       97%         4
 Olgreb's Toxic Radiance  Alch           1%         N/A       97%         4
 Petrify                  Alch/Erth      1%         N/A       97%         4
 Summon Blazeheart Golem  Fire/Summ      1%         N/A       97%         4
 Borgnjor's Vile Clutch   Necr/Erth      0%         N/A       100%        5
 Irradiate                Conj/Alch      0%         3d11      100%        5
 Death Channel            Necr           0%         N/A       100%        6
 Orb of Destruction       Conj           0%         9d5       100%        7
 Ozocubu's Refrigeration  Ice            0%         4d7       100%        7
 Spellforged Servitor     Conj/Summ      0%         N/A       100%        7
 Discord                  Hex            0%         N/A       100%        8


Dungeon Overview and Level Annotations

Branches:
Dungeon (11/15)            Temple (1/1) D:7            Lair (3/5) D:11
 Shoals (0/4) Lair:2        Snake (0/4) Lair:2          Orc (2/2) D:11
 Bailey (visited)         Gauntlet (1/1)
    Elf: Orc:2

Altars:
Ashenzari
Cheibriados
Dithmenos
Elyvilon
Fedhas
Gozag
Hepliaklqana
Kikubaaqudgha
Makhleb
Nemelex Xobeh
Okawaru
Qazlal
Ru
Sif Muna
Trog
Uskayaw
Vehumet
Wu Jian
Xom
Yredelemnul
Zin
The Shining One

Shops:
D:10 !=

Annotations:
D:10 1 runed translucent door, awry's ghost, journeyman MiBe
Orc:1 1 runed translucent door, Derpydoo's ghost, journeyman HOFi
Orc:2 Nessos Gauntlet 12 transporters, exclusion: orange crystal statue


Innate Abilities, Weirdness & Mutations

You are very small and have problems with some larger weapons.
You are too small for most types of armour.
You have supernaturally acute eyesight. (SInv)
You cover ground extremely quickly. (Speed+++)


Message History

Your polar bear barely misses the minotaur.
Your polar bear claws the minotaur but does no damage. x2
The minotaur throws a javelin.
The javelin barely misses your wind drake.
The javelin misses you.
Your polar bear bites the minotaur.
Your polar bear closely misses the minotaur. x2
The minotaur misses your polar bear. x2
Your wind drake exhales a fierce blast of wind!
Your polar bear is knocked back by the gust of wind.
Your polar bear slams into the crystal wall!
Your polar bear is heavily wounded.
The minotaur is knocked back by the gust of wind.
The minotaur collides with your polar bear!
Your polar bear is severely wounded.
Your wind drake bites the minotaur but does no damage.
Your polar bear bites the minotaur but does no damage.
Your polar bear claws the minotaur but does no damage.
Your polar bear barely misses the minotaur.
The minotaur hits your polar bear with the +3 morningstar of the Sky {protect, Int+4}!
Your polar bear dies!
Your polar bear's corpse disappears in a puff of smoke!
Your wind drake barely misses the minotaur.
The minotaur furiously retaliates!
The minotaur headbutts your wind drake!
Unknown command.
Your wind drake bites the minotaur but does no damage.
The minotaur hits you with the +3 morningstar of the Sky {protect, Int+4}!!!
The minotaur gores you!
Your wind drake bites the minotaur but does no damage.
Your wind drake disappears in a puff of smoke!
You draw a card...
You have drawn the Dance.
The minotaur hits your -1 long sword of flaming with the +3 morningstar of the Sky {protect, Int+4}!!
The minotaur closely misses your -1 long sword of flaming.
Your -1 long sword of flaming barely misses the minotaur.
The minotaur throws a javelin.
The javelin pierces through your -1 long sword of flaming!!
Your -1 long sword of flaming is destroyed!
Your -1 long sword of flaming disappears in a puff of smoke!
The javelin pierces through you!!!
You die...
Your body glows slightly and disappears.

#############
#...........#
#.#########.#
##.#.......#.##
#..#.#####....#
#.##.#§.⌠####.#
#.#.§H§∩.# .# #.#@##§.§#
.# #.#.# #### .# #.#.. ##
#.###########.#
#.............#
#########.#########
#≈...............§# ###
###
####8..©.©.©.©.©.©..8####
#8# #8#
#8##≈...............≈##8#


You could see a minotaur.

Vanquished Creatures
  An orc warlord (Orc:1)
  Snorg (D:11)
  Harold (D:10)
  A hydra (Lair:2)
  3 two-headed ogres
  3 death yaks (D:11)
  A sixfirhy (Gauntlet)
  A cyclops (D:11)
  An ugly thing (D:7)
  A manticore (D:10)
  An orc sorcerer (Orc:1)
  Maurice (D:8)
  2 merfolk sirens (Lair:2)
  3 kobold blastminers
  3 cane toads
  A gargoyle (D:10)
  A black mamba (Lair:1)
  Maggie (Lair:2)
  2 komodo dragons
  An unseen horror (D:7)
  A rime drake (Lair:1)
  5 trolls
  A polar bear (Lair:2)
  A hornet (D:10)
  3 blink frogs (Lair:1)
  A shadow (D:10)
  A ynoxinul (Gauntlet)
  A vampire (D:11)
  3 wyverns
  A fire bat (Gauntlet)
  A warg (Orc:1)
  33 yaks
  3 basilisks
  Menkaure (D:5)
  6 vampire mosquitoes (D:10)
  2 steam dragons
  Edmund (D:4)
  4 nagas
  11 water moccasins
  2 acid dragons
  Duvessa (D:6)
  26 orc warriors
  2 sky beasts
  A black bear (D:6)
  3 ice beasts
  14 wolves
  10 ogres
  7 centaurs
  Blork the orc (D:4)
  A kobold brigand (D:9)
  10 bullfrogs
  4 gnoll sergeants
  7 wights
  Dowan (D:6)
  6 killer bees (D:8)
  4 electric eels
  2 howler monkeys
  3 jellies (D:5)
  4 hounds
  10 orc priests
  4 gnoll boudas
  2 iron imps (Gauntlet)
  An iguana (D:6)
  2 sleepcaps (D:7)
  13 orc wizards
  28 gnolls
  11 adders
  7 ufetubi
  3 dart slugs
  A ribbon worm (D:4)
  102 orcs
  9 ball pythons
  7 endoplasms
  4 giant cockroaches
  5 goblins
  8 hobgoblins
  2 jackals (D:1)
  9 kobolds
  5 quokkas
  4 bats
  4 frilled lizards
  6 rats
466 creatures vanquished.

Vanquished Creatures (collateral kills)
  A fire crab (Gauntlet)
  A sixfirhy (Gauntlet)
  3 trolls (D:11)
  A fire bat (Gauntlet)
  An orc warrior (Orc:1)
7 creatures vanquished.

Vanquished Creatures (others)
  5 dream sheep (D:4)
  An orc (Orc:1)
6 creatures vanquished.

Grand Total: 479 creatures vanquished

Notes
Turn   | Place    | Note
-------+----------+-------------------------------------------
     0 | D:5      | monsoonserge the Spriggan Delver began the quest for the
                  | Orb.
     0 | D:5      | Reached XP level 1. HP: 11/11 MP: 2/2
    35 | D:5      | Noticed Menkaure
    36 | D:5      | Found a sparkling altar of Nemelex Xobeh.
    48 | D:5      | Killed Menkaure
    49 | D:5      | Reached skill level 3 in Dodging
    49 | D:5      | Reached XP level 2. HP: 5/16 MP: 3/3
    49 | D:5      | Reached XP level 3. HP: 7/20 MP: 4/4
    49 | D:5      | Reached XP level 4. HP: 8/24 MP: 5/5
    65 | D:5      | Became a worshipper of Nemelex Xobeh the Trickster
   230 | D:4      | Noticed Blork the orc
   391 | D:4      | Noticed Edmund
   469 | D:3      | Reached XP level 5. HP: 21/28 MP: 6/6
   805 | D:3      | Found a radiant altar of Vehumet.
   805 | D:3      | Reached * piety under Nemelex Xobeh
   819 | D:2      | Reached skill level 1 in Invocations
  1014 | D:2      | Received a gift from Nemelex Xobeh
  1521 | D:1      | Reached ** piety under Nemelex Xobeh
  2123 | D:2      | Found the +7 staff of the Meek {protect, meekguard}
  2607 | D:3      | Found an opulent altar of Gozag.
  2796 | D:4      | Reached XP level 6. HP: 32/32 MP: 8/8
  3028 | D:4      | Noticed a dream sheep
  3028 | D:4      | Noticed a dream sheep
  3028 | D:4      | Noticed a dream sheep
  3028 | D:4      | Noticed a dream sheep
  3028 | D:4      | Noticed a dream sheep
  3028 | D:4      | Found a shimmering altar of Xom.
  3032 | D:4      | Killed a dream sheep
  3032 | D:4      | Killed a dream sheep
  3032 | D:4      | Killed a dream sheep
  3032 | D:4      | Killed a dream sheep
  3032 | D:4      | Killed a dream sheep
  3153 | D:4      | Killed Blork the orc
  3206 | D:4      | Reached *** piety under Nemelex Xobeh
  3330 | D:4      | Reached skill level 5 in Short Blades
  3479 | D:4      | Killed Edmund
  3480 | D:4      | Reached skill level 1 in Staves
  3812 | D:5      | Reached XP level 7. HP: 37/37 MP: 9/9
  3826 | D:5      | Reached skill level 4 in Dodging
  3855 | D:5      | Received a gift from Nemelex Xobeh
  3935 | D:5      | Learned a level 2 spell: Blink
  4377 | D:6      | Noticed Duvessa
  4377 | D:6      | Noticed Dowan
  4667 | D:6      | Reached skill level 1 in Spellcasting
  4667 | D:6      | Reached skill level 1 in Translocations
  4762 | D:6      | Killed Duvessa
  4763 | D:6      | Reached XP level 8. HP: 21/42 MP: 11/11
  4766 | D:6      | Killed Dowan
  5018 | D:6      | Found a hazy altar of Hepliaklqana.
  5167 | D:6      | Received a gift from Nemelex Xobeh
  5258 | D:6      | Reached **** piety under Nemelex Xobeh
  5505 | D:7      | Found a flagged portal.
  5571 | Bailey   | Entered a bailey
  6180 | Bailey   | Reached skill level 5 in Staves
  6326 | Bailey   | Reached skill level 5 in Dodging
  6326 | Bailey   | Reached skill level 1 in Evocations
  6756 | Bailey   | Reached XP level 9. HP: 37/46 MP: 13/13
  6911 | Bailey   | Reached skill level 5 in Translocations
  7204 | Bailey   | Reached skill level 6 in Dodging
  8050 | D:7      | Received a gift from Nemelex Xobeh
  8062 | D:7      | Noticed a troll
  8069 | D:7      | Killed a troll
  8070 | D:7      | Reached skill level 7 in Dodging
  8075 | D:7      | Reached skill level 5 in Fighting
  8095 | D:7      | Reached skill level 5 in Invocations
  8172 | D:7      | Reached skill level 8 in Dodging
  8205 | D:7      | Noticed an unseen horror
  8207 | D:7      | Noticed a green ugly thing
  8224 | D:7      | Killed a green ugly thing
  8243 | D:7      | Killed an unseen horror
  8244 | D:7      | Reached skill level 9 in Dodging
  8244 | D:7      | Reached XP level 10. HP: 51/51 MP: 15/15
  8678 | D:7      | Found a staircase to the Ecumenical Temple.
  8740 | D:7      | Reached skill level 1 in Armour
  8745 | Temple   | Entered the Ecumenical Temple
  9039 | D:8      | Noticed a two-headed ogre
  9219 | D:8      | Reached skill level 10 in Dodging
  9343 | D:8      | Noticed Maurice
  9351 | D:8      | Maurice stole a +2 short sword
  9354 | D:8      | Killed Maurice
  9355 | D:8      | Reached skill level 10 in Stealth
  9509 | D:8      | Received a gift from Nemelex Xobeh
  9721 | D:8      | Killed a two-headed ogre
 10105 | D:9      | Reached skill level 11 in Dodging
 10146 | D:9      | Reached ***** piety under Nemelex Xobeh
 10148 | D:9      | Received a gift from Nemelex Xobeh
 10369 | D:9      | Found a blossoming altar of Fedhas.
 10649 | D:9      | Reached XP level 11. HP: 46/58 MP: 17/17
 11261 | D:10     | Entered Level 10 of the Dungeon
 11261 | D:10     | Noticed Harold
 11279 | D:10     | Killed Harold
 11608 | D:10     | Found a white marble altar of Elyvilon.
 11648 | D:10     | Found Quqem's Jewellery Boutique.
 11946 | D:10     | Reached skill level 12 in Dodging
 12001 | D:10     | Found a bloodstained altar of Trog.
 12004 | D:10     | Found a glowing golden altar of the Shining One.
 12004 | D:10     | Found a shadowy altar of Dithmenos.
 12025 | D:10     | Found Athonnisua's Distillery.
 12028 | D:10     | Found a runed translucent door.
 12028 | D:10     | Found a shimmering altar of Xom.
 12035 | D:10     | Noticed a +1 hand axe of chaos
 12036 | D:10     | Noticed awry's ghost (journeyman MiBe)
 12037 | D:10     | Bought a potion of degeneration for 15 gold pieces
 12037 | D:10     | Bought a potion of heal wounds for 75 gold pieces
 12037 | D:10     | Bought a potion of curing for 45 gold pieces
 12281 | D:11     | Received a gift from Nemelex Xobeh
 12547 | D:11     | Found a staircase to the Lair.
 12555 | D:11     | Received a gift from Nemelex Xobeh
 12584 | D:11     | Found a staircase to the Orcish Mines.
 12898 | D:11     | Noticed a boulder beetle
 13714 | D:11     | HP: 3/60 [boulder beetle (30)]
 13877 | Lair:1   | Entered Level 1 of the Lair of Beasts
 13877 | Lair:1   | Noticed a death yak
 13877 | Lair:1   | Noticed a death yak
 13877 | Lair:1   | Noticed a death yak
 13877 | Lair:1   | Noticed a death yak
 13926 | D:11     | Killed a death yak
 13927 | D:11     | Reached skill level 13 in Dodging
 14040 | Orc:1    | Entered Level 1 of the Orcish Mines
 14040 | Orc:1    | Noticed Snorg
 14102 | D:11     | Killed Snorg
 14315 | D:11     | Reached skill level 1 in Throwing
 14315 | D:11     | Reached XP level 12. HP: 60/65 MP: 19/19
 14854 | Orc:1    | Noticed an orc warlord
 15254 | Orc:1    | Found a runed translucent door.
 15254 | Orc:1    | Noticed Derpydoo's ghost (journeyman HOFi)
 15519 | Orc:1    | Killed an orc warlord
 15648 | Orc:1    | Received a gift from Nemelex Xobeh
 15799 | Orc:2    | Entered Level 2 of the Orcish Mines
 15799 | Orc:2    | Noticed a two-headed ogre
 15874 | Orc:1    | Killed a two-headed ogre
 15931 | Orc:2    | Noticed a two-headed ogre
 15955 | Orc:1    | Killed a two-headed ogre
 15956 | Orc:1    | Reached skill level 14 in Dodging
 16101 | Orc:2    | Noticed Nessos
 17199 | D:11     | Killed a death yak
 17322 | D:11     | Killed a death yak
 17754 | Lair:1   | Reached skill level 15 in Dodging
 18071 | Lair:1   | Reached XP level 13. HP: 71/71 MP: 21/21
 18158 | Lair:1   | Received a gift from Nemelex Xobeh
 18864 | Lair:2   | Reached skill level 10 in Fighting
 19034 | Lair:2   | Found a staircase to the Snake Pit.
 19055 | Lair:2   | Reached skill level 5 in Evocations
 19252 | Lair:2   | Noticed Maggie
 19254 | Lair:2   | Reached ****** piety under Nemelex Xobeh
 19276 | Lair:2   | Killed Maggie
 19413 | Lair:2   | Found a staircase to the Shoals.
 19797 | Lair:3   | Received a gift from Nemelex Xobeh
 19876 | Lair:3   | Found a shimmering altar of Xom.
 19878 | Lair:3   | Found a gate leading to a gauntlet.
 20038 | Gauntlet | Entered a Gauntlet
 20038 | Gauntlet | Found a transporter.
 20038 | Gauntlet | Received a gift from Nemelex Xobeh
 20050 | Gauntlet | Found a transporter.
 20075 | Gauntlet | Found a transporter.
 20077 | Gauntlet | Found a transporter.
 20079 | Gauntlet | Found a transporter.
 20104 | Gauntlet | Found a transporter.
 20106 | Gauntlet | Found a transporter.
 20120 | Gauntlet | Found a transporter.
 20135 | Gauntlet | Found a transporter.
 20143 | Gauntlet | Found a transporter.
 20158 | Gauntlet | Found a transporter.
 20177 | Gauntlet | Found a transporter.
 20188 | Gauntlet | Noticed a quicksilver ooze
 20200 | Gauntlet | Found a transporter.
 20222 | Gauntlet | Found a transporter.
 20242 | Gauntlet | Found a transporter.
 20248 | Gauntlet | Found a transporter.
 20263 | Gauntlet | Found a transporter.
 20268 | Gauntlet | Found a transporter.
 20565 | Gauntlet | Identified the +1 hat "Laorchiu" {Fly rC- rN+ Dex+6}
 20748 | Gauntlet | Identified the +3 morningstar of the Sky {protect, Int+4}
 20748 | Gauntlet | Noticed a minotaur
 20776 | Gauntlet | Hit by a javelin thrown by a minotaur

Illustrated notes

Levels and vault maps discovered:
D:1:      psy_arrival_basics, layout_loops_ring
D:2:      layout_rooms, minmay_misc_feat_ornament, nicolae_figureground_sparkle
D:3:      layout_loops_ring, grunt_gozag_breadcrumbs,
          nicolae_vehumet_altar_sigil
D:4:      layout_gridville, kb_xom_exploding_sheep, uniq_edmund,
          uniq_blork_the_orc
D:5:      layout_basic, nemelex_xobeh_ov_fountains_minmay, uniq_menkaure
D:6:      layout_cave_pods, general_overflow_altar, uniq_duvessa
D:7:      nzn_winding_woodlands_three_and_one
          [nzn_winding_woodlands_5x15_longhouse,
          nzn_winding_woodlands_5x15_jagged,
          nzn_winding_woodlands_5x15_split_checker,
          nzn_winding_woodlands_center_diamonds], layout_basic,
          minmay_temple_entry_steel_oval, enter_bailey_4
D:8:      layout_loops_ring, dk_noncrumbling_3, uniq_maurice
D:9:      layout_irregular_city, mainiacjoe_overflow_tiny_flanked, minivault_19
D:10:     layout_basic, kennysheep_little_box,
          gammafunk_temple_overflow_forgotten, serial_shops,
          nicolae_shop_hallway_plus, shop, ebering_ghost_xom, st_stairs_14,
          hangedman_abyss_or_decor_stagger, uniq_harold
D:11:     layout_gridville, erik_lair_island,
          kennysheep_orc_monster_closet_entryway
Temple:   hellmonk_temple_forest_ring
Lair:1:   layout_roguey, serial_bayou_pond_a, infiniplex_staircase_pool,
          lemuel_fruit_tree, grunt_megastairs_1
Lair:2:   layout_roguey, elwin_shoals_entry_rooms,
          minmay_snake_entry_guardpost_small, uniq_maggie
Lair:3:   layout_long_grid, gauntlet_entry_generic, basic_altar
Orc:1:    layout_caves, ebering_ghost_inner_flame, uniq_snorg
Orc:2:    pubby_orc_utopia, uniq_nessos
Gauntlet: gammafunk_gauntlet_one_two_three [nicolae_gauntlet_arena_x,
          gammafunk_gauntlet_arena_split_diamond, nicolae_gauntlet_swirl,
          nicolae_gauntlet_arena_grate_2, gammafunk_gauntlet_arena_arrow_garden,
          nicolae_gauntlet_arena_blocks, gammafunk_gauntlet_arena_teeth,
          nicolae_gauntlet_arena_flowing_pool, gammafunk_gauntlet_arena_hedges,
          dreamdust_gauntlet_exit_labyrinth]

Skill      XL: |  1  2  3  4  5  6  7  8  9 10 11 12 13 |
---------------+----------------------------------------+-----
Fighting       | 3 4 5 6 8 9 10 | 10.1
Short Blades   | 3 4 5 |  5.0
Dodging        | 3 4 5 9 11 13 15 | 15.7
Stealth        | 8 9 10 | 10.0
Invocations    | 1 2 3 5 6 8 9 |  9.4
Staves         | 2 3 5 6 |  6.3
Spellcasting   | 1 2 |  2.0
Translocations | 2 4 5 |  5.0
Evocations     | 1 2 4 6 |  6.0
Armour         | 2 3 4 |  4.4
Throwing       | 1 2 |  2.6

Action                     |  1- 3 |  4- 6 |  7- 9 | 10-12 | 13-15 || total
---------------------------+-------+-------+-------+-------+-------++-------
  Melee: Short sword       |    10 |   185 |       |       |       ||   195
         Quarterstaff      |       |    65 |   396 |  1434 |   396 ||  2291
         Punch             |       |     1 |       |       |       ||     1
  Throw: Boomerang         |       |       |       |    44 |     7 ||    51
 Invoke: Draw Summoning    |       |       |     1 |     2 |     6 ||     9
         Draw Destruction  |       |       |       |     9 |     2 ||    11
         Draw Escape       |       |       |       |     2 |     1 ||     3
  Evoke: Wand              |       |       |    12 |       |       ||    12
         Sack of spiders   |       |       |       |     2 |       ||     2
    Use: Scroll            |       |       |     5 |     2 |       ||     7
         Potion            |       |       |     1 |     1 |       ||     2
   Stab: Sleeping          |     1 |    33 |     5 |    18 |     9 ||    66
         Distracted        |       |     1 |     2 |     3 |       ||     6
 Armour: Robe              |     3 |    54 |   161 |       |       ||   218
         Troll leather arm |       |       |    17 |   581 |   158 ||   756
  Dodge: Dodged            |       |   156 |   450 |  1812 |   672 ||  3090
  Block: Other             |       |       |   108 |     9 |       ||   117
